 Dungeon Crawl Stone Soup version 0.19.0-19-g8c6edcc (webtiles) character file.

116 cedor the Ducker (level 4, -4/23 HPs)
             Began as a Spriggan Monk on Nov 12, 2016.
             Slain by a worm (9 damage)
             ... in a sewer.
             The game lasted 00:05:13 (1579 turns).

cedor the Ducker (Spriggan Monk)                    Turns: 1579, Time: 00:05:13

Health: -4/23      AC:  2    Str:  7    XL:     4   Next: 70%
Magic:  5/5        EV: 21    Int: 12    God:
Gold:   114        SH:  0    Dex: 18    Spells: 0 memorised, 3 levels left

rFire  . . .     SeeInvis +     a - +0 short sword
rCold  . . .     Gourm    .     b - +0 robe
rNeg   . . .     Faith    .     (shield restricted)
rPois  .         Spirit   .     (helmet restricted)
rElec  .         Reflect  .     (no cloak)
rCorr  .         Harm     .     (gloves unavailable)
MR     .....                    (boots unavailable)
Stlth  +++.......               d - amulet of magic regeneration
                                (no ring)
                                (no ring)

@: very quick
A: unfitting armour, see invisible, herbivore 3, speed 3, slow metabolism 2
a: no special abilities


You were in a sewer.
You were not hungry.

You visited 1 branch of the dungeon, and saw 3 of its levels.
You also visited: Sewer.

You collected 114 gold pieces.


Innate Abilities, Weirdness & Mutations

You are very small and have problems with some larger weapons.
You are too small for most types of armour.
You have supernaturally acute eyesight. (SInv)
You are a herbivore.
You cover ground extremely quickly.
You need consume almost no food.


   Skills:
 - Level 2.4 Fighting
 * Level 4.5 Short Blades
 + Level 5.5 Dodging
 * Level 5.1 Stealth


You had 3 spell levels left.
You didn't know any spells.

Inventory:

Hand Weapons
 a - a +0 short sword (weapon)
Armour
 b - a +0 robe (worn)
Jewellery
 d - an amulet of magic regeneration (around neck)
Scrolls
 e - a scroll of blinking {unknown}
 h - a scroll of fog {unknown}
Potions
 f - a potion of agility {unknown}
 i - a potion of curing {unknown}
 j - a potion of heal wounds {unknown}
Comestibles
 c - a bread ration
 g - 10 fruits

Dungeon Overview and Level Annotations

Branches:
Dungeon (3/15)

Altars:

..▒▒▒▒▒≈≈≈≈≈▒ ▒▒▒▒▒≈
.≈≈≈.≈≈.≈≈.≈▒▒▒▒▒▒▒▒.≈≈≈≈
▒..≈.≈.≈≈.▒▒▒▒..≈.≈.≈▒▒▒≈
▒≈≈≈≈.≈≈▒▒ ▒.≈..≈≈≈≈▒ ▒▒
▒▒≈.≈≈.≈≈▒▒▒▒.≈.≈..≈≈▒▒▒≈
▒▒≈.......≈▒▒..≈.▒▒▒▒≈≈≈≈≈
.≈..≈.≈...≈..≈..▒▒ ▒▒▒▒▒≈
≈...≈....≈...≈.▒▒ ▒▒
..≈.....wi.≈.≈.▒
≈.≈.≈∩.∩.≈≈≈≈..▒
..≈.≈...≈.....≈▒
.≈...≈.≈.....≈≈▒▒ ▒▒
≈≈≈≈≈≈≈≈...≈≈≈..▒▒ ▒▒▒▒▒≈
▒▒≈≈......≈▒▒....▒▒▒▒≈≈≈≈≈
▒▒≈≈.≈≈..▒▒▒▒.≈....≈≈▒▒▒≈
▒≈..≈≈.≈▒ ▒≈≈≈≈≈.≈≈▒ ▒▒
.≈≈≈≈≈≈≈. ▒▒≈≈.≈.≈≈▒▒▒.


You could see a worm.


Message History

You enter the shallow water.
You enter the shallow water.
You start resting.
You enter the shallow water.
The worm closely misses you.
You hit the worm.
The worm is lightly wounded.
You hit the worm.
The worm is moderately wounded.
The worm bites you.
You hit the worm.
The worm is heavily wounded.
You hit the worm.
The worm is heavily wounded.
The worm bites you!
Your unstable footing causes you to fumble your attack.
Your unstable footing causes you to fumble your attack.
The worm completely misses you.
Your unstable footing causes you to fumble your attack.
You hit the worm.
The worm is heavily wounded.
You hit the worm.
The worm is heavily wounded.
The worm bites you!
* * * LOW HITPOINT WARNING * * *
You hit the worm.
The worm is severely wounded.
You completely miss the worm.
The worm is severely wounded.
The worm bites you!
You die...

Action                   |  1- 3 |  4- 6 || total
-------------------------+-------+-------++-------
Melee: Short sword       |   132 |    26 ||   158
 Stab: Sleeping          |     9 |       ||     9
       Distracted        |     1 |       ||     1
Armor: Robe              |     8 |       ||     8
Dodge: Dodged            |    80 |    12 ||    92

Vault maps used:
D:1:      mainiacjoe_arrival_reflecting_pool, kennysheep_another_room
D:2:      chequers_temple_overflow_minitemple, guppyfry_early_lair_pool
D:3:      first_bread, lightli_sewer_entry_pipes
Sewer:    sewer_co_tree

Notes
Turn   | Place    | Note
-------+----------+-------------------------------------------
     0 | D:1      | cedor the Spriggan Monk began the quest for the Orb.
     0 | D:1      | Reached XP level 1. HP: 11/11 MP: 2/2
   507 | D:2      | Reached XP level 2. HP: 16/16 MP: 3/3
   844 | D:3      | Reached skill level 5 in Dodging
   844 | D:3      | Reached skill level 4 in Stealth
   844 | D:3      | Reached XP level 3. HP: 13/19 MP: 4/4
   986 | D:3      | Found a glowing drain.
   993 | Sewer    | Entered a sewer
  1044 | Sewer    | Reached skill level 4 in Short Blades
  1126 | Sewer    | Noticed a big kobold
  1157 | Sewer    | Killed a big kobold
  1157 | Sewer    | Reached skill level 5 in Stealth
  1157 | Sewer    | Reached XP level 4. HP: 13/23 MP: 5/5
  1579 | Sewer    | Slain by a worm

Vanquished Creatures
  A big kobold (Sewer)
  A river rat (Sewer)
  An adder (D:3)
  2 worms
  3 leopard geckos
  3 ball pythons
  3 bats
  A giant cockroach (D:2)
  2 goblins
  2 hobgoblins
  4 kobolds
  3 rats
26 creatures vanquished.
